Canucks vs Flyers

Created - 15 décembre 2018 at 21:58

Goals
1 2 3 T
Canucks 2 1 0 3
Flyers 2 0 2 4
Shots
1 2 3 T
Canucks 16 8 7 31
Flyers 6 6 10 22

1st period

1. Flyers , Casey Cizikas 4 (Dominik Simon 2, Jonathan Ericsson 13) at 2:02
2. Flyers , Alexander Killorn 15 (Mathew Barzal 21, Nikita Zaitsev 8) at 6:03
3. Canucks , Anders Lee 7 (Chris Kreider 17, William Karlsson 9) at 6:09
4. Canucks , William Karlsson 12 (Chris Kreider 18, Robert Hagg 3) at 8:08

Penalties :
Nikita Zaitsev (PHI) for Hooking (Minor) at 18:48

2nd period

5. Canucks , Anders Lee 8 (William Karlsson 10, Alex Petrovic 1) at 2:53

Penalties :
Brayden Point (VAN) for Roughing (Minor) at 17:58

3rd period

6. Flyers , Mathew Barzal 12 (Alexander Killorn 15) at 6:27 (PP)
7. Flyers , Mathew Barzal 13 (Thomas Vanek 7) at 9:03 (PP)

Penalties :
Alexander Killorn (PHI) for Hooking (Minor) at 0:49, Evgeny Kuznetsov (VAN) for Tripping (Minor) at 4:58, Bobby Ryan (VAN) for High sticking (Minor) at 8:59, Alexander Killorn (PHI) for High sticking (Minor) at 13:16, Chris Kreider (VAN) for Goalie Interference (Minor) at 16:06

Goalie Stats

Braden Holtby (VAN), 18 saves from 22 shots - (0.818), L, 9-13-1, 59:53 minutes
Steve Mason (PHI), 28 saves from 31 shots - (0.903), W, 1-3-1, 60:00 minutes

Players Stats for Canucks

Player Name              G  A  P  +/- PIM S  H  SB GA TA FO     MP     PP MP  PK MP  
------------------------------------------------------------------------------------
Alex Petrovic            0  1  1   2  0   0  0  1  0  0  0/0    14:08   0:36   0:04 
Alex Pietrangelo         0  0  0   0  0   3  2  0  0  0  0/0    26:43   4:06   2:25 
Anders Lee               2  0  2   3  0   5  1  0  0  0  1/1    17:46   2:01   0:50 
Blake Coleman            0  0  0  -2  0   1  3  1  0  0  0/1    18:19   0:47   3:06 
Bobby Ryan               0  0  0   0  2   1  3  0  0  0  1/1    15:32   2:12   0:00 
Brayden Point            0  0  0   0  2   2  0  0  0  0  2/2    18:26   3:58   0:22 
Brooks Laich             0  0  0   0  0   2  1  0  0  0  0/0     7:25   0:00   1:35 
Charlie Coyle            0  0  0  -2  0   0  1  0  0  0  0/2    15:08   0:00   1:28 
Chris Kreider            0  2  2   3  2   2  5  0  0  0  1/2    16:09   1:15   0:00 
Danton Heinen            0  0  0   0  0   1  0  0  0  0  0/0     5:50   0:00   0:00 
Erik Karlsson            0  0  0   0  0   2  0  0  0  0  0/0    26:43   4:06   2:25 
Evgeny Kuznetsov         0  0  0   0  2   1  1  0  0  0  10/21  17:51   3:45   0:00 
Johan Larsson            0  0  0   0  0   1  0  0  0  0  8/11    9:31   0:00   3:41 
Mattias Ekholm           0  0  0  -1  0   1  0  1  0  0  0/0    20:31   1:51   3:02 
Robert Hagg              0  1  1   2  0   1  1  0  0  0  0/0    12:42   0:00   0:00 
Ryan Strome              0  0  0  -2  0   1  0  0  0  0  11/17  15:39   1:59   0:00 
Troy Stecher             0  0  0  -1  0   1  1  2  0  0  0/0    17:58   0:00   3:06 
William Karlsson         1  2  3   3  0   6  1  0  0  0  14/24  18:04   3:09   0:00 

Players Stats for Flyers

Player Name              G  A  P  +/- PIM S  H  SB GA TA FO     MP     PP MP  PK MP  
------------------------------------------------------------------------------------
Alexander Killorn        1  1  2   0  4   4  3  0  0  0  0/0    19:36   2:46   0:00 
Andre Burakovsky         0  0  0  -2  0   1  0  0  0  0  0/1     9:43   0:00   0:00 
Andrew MacDonald         0  0  0   1  0   0  1  2  0  0  0/0    21:40   0:00   3:26 
Anthony Beauvillier      0  0  0  -2  0   1  1  2  0  0  1/1    16:43   2:46   4:14 
Ben Hutton               0  0  0  -1  0   0  0  0  0  0  0/0    17:04   0:00   4:03 
Brandon Saad             0  0  0   0  0   3  1  0  0  0  0/1    16:45   2:45   0:07 
Calle Jarnkrok           0  0  0   0  0   1  1  0  0  0  2/4    19:15   2:45   1:43 
Casey Cizikas            1  0  1   1  0   1  0  1  0  0  11/20  12:18   0:00   4:14 
Damon Severson           0  0  0  -1  0   0  9  1  0  0  0/0    20:52   3:35   0:00 
Dominik Simon            0  1  1   1  0   0  1  0  0  0  0/0     8:04   0:00   0:00 
Dylan Strome             0  0  0  -2  0   1  0  0  0  0  3/11   11:39   1:56   0:00 
Jonathan Ericsson        0  1  1   1  0   1  5  1  0  0  0/0    21:07   0:22   2:31 
Markus Nutivaara         0  0  0  -1  0   0  0  1  0  0  0/0    14:03   1:56   0:00 
Mathew Barzal            2  1  3   0  0   4  0  0  0  0  12/25  19:38   2:46   0:00 
Mattias Janmark          0  0  0   1  0   2  0  0  0  0  0/0     9:40   0:00   1:36 
Nico Hischier            0  0  0   0  0   1  2  0  0  0  5/17   16:38   2:45   0:00 
Nikita Zaitsev           0  1  1  -1  2   2  7  3  0  0  0/0    20:04   0:00   1:54 
Thomas Vanek             0  1  1   0  0   0  1  0  0  0  0/2    19:11   3:13   0:00 

3 Stars

1 - Anders Lee (VAN)
2 - William Karlsson (VAN)
3 - Mathew Barzal (PHI)

Power Play

Canucks - 0 on 3 Attempt(s) - 0.00%
Flyers - 2 on 4 Attempt(s) - 50.00%

Penalty Kill

Canucks - 2 on 4 Attempt(s) - 50.00% - Score 0 goal in Penalty Kill
Flyers - 3 on 3 Attempt(s) - 100.00% - Score 0 goal in Penalty Kill

Team Stat

Canucks - Hits : 20 - Faceoff Wins : 48 - Blocked Shots : 5 - Penalty Minutes : 8
Flyers - Hits : 32 - Faceoff Wins : 34 - Blocked Shots : 11 - Penalty Minutes : 6

Official

Referees : Rob Martell and Steve Kozari
Linesman : Brad Lazarowich and Brian Murphy

Game Notes

No Game Note

Finance

Level 1 -- Attendance: 6022 (92.65%) -- Ticket Income 662 420 $
Level 2 -- Attendance: 4792 (95.84%) -- Ticket Income 392 944 $
Level 3 -- Attendance: 3408 (97.37%) -- Ticket Income 214 704 $
Level 4 -- Attendance: 3155 (89.20%) -- Ticket Income 63 100 $
Luxury Box -- Attendance: 959 (95.90%) -- Ticket Income 215 775 $
Game was played at the Wells Fargo Center.
Total Attendance: 18336 (93.85%)
Total Ticket Income: 1 548 943 $
Other Income: 758 982 $
Total Income: 2 307 925 $

% Time on Ice - Canucks

Lines # - Real PCT - Wanted PCT - Time Play
Normal Forward
1 - 28% - 33% - 13:21
2 - 31% - 32% - 14:55
3 - 29% - 25% - 13:40
4 - 12% - 10% - 5:50
Normal Defense
1 - 42% - 44% - 20:12
2 - 31% - 32% - 14:52
3 - 27% - 24% - 12:42
4 - 0% - 0% - 0:00
PP Forward
1 - 63% - 60% - 3:45
2 - 37% - 40% - 2:12
PP Defense
1 - 69% - 60% - 4:06
2 - 31% - 40% - 1:51
PK Forward
1 - 73% - 60% - 4:03
2 - 27% - 40% - 1:28
PK Defense
1 - 56% - 60% - 3:06
2 - 44% - 40% - 2:25
PK3 Forward
1 - 0% - 50%
2 - 0% - 50%
PK3 Defense
1 - 0% - 50%
2 - 0% - 50%
44 Forward
1 - 0% - 50%
2 - 0% - 50%
44 Defense
1 - 0% - 50%
2 - 0% - 50%
Last Minute Offensive  - 0:46
Last Minute Defensive  - 0:00
Total
Forward - 60:00
Defense - 60:00

% Time on Ice - Flyers

Lines # - Real PCT - Wanted PCT - Time Play
Normal Forward
1 - 34% - 35% - 15:58
2 - 29% - 30% - 13:53
3 - 20% - 23% - 9:43
4 - 17% - 12% - 8:04
Normal Defense
1 - 36% - 42% - 17:17
2 - 36% - 34% - 17:20
3 - 25% - 24% - 12:07
4 - 2% - 0% - 0:54
PP Forward
1 - 50% - 60% - 2:46
2 - 50% - 40% - 2:45
PP Defense
1 - 65% - 60% - 3:35
2 - 35% - 40% - 1:56
PK Forward
1 - 73% - 60% - 4:21
2 - 27% - 40% - 1:36
PK Defense
1 - 58% - 50% - 3:26
2 - 42% - 50% - 2:31
PK3 Forward
1 - 0% - 60%
2 - 0% - 40%
PK3 Defense
1 - 0% - 60%
2 - 0% - 40%
44 Forward
1 - 0% - 60%
2 - 0% - 40%
44 Defense
1 - 0% - 60%
2 - 0% - 40%
Last Minute Offensive  - 0:00
Last Minute Defensive  - 0:54
Total
Forward - 60:00
Defense - 60:00

Play-by-Play

1st period


0:01 of 1st period - Mathew Barzal wins face-off versus Evgeny Kuznetsov in neutral zone.
1:07 of 1st period - Shot by Nico Hischier.
1:07 of 1st period - Shot Misses the Net.
1:09 of 1st period - Shot by Brandon Saad.
1:09 of 1st period - Stopped by Braden Holtby without a rebound.
1:10 of 1st period - William Karlsson wins face-off versus Dylan Strome in Canucks zone.
1:35 of 1st period - Shot by William Karlsson.
1:35 of 1st period - Stopped by Steve Mason without a rebound.
1:36 of 1st period - Ryan Strome wins face-off versus Casey Cizikas in Flyers zone.
1:53 of 1st period - Charlie Coyle is hit by Dominik Simon and loses puck.
2:02 of 1st period - Shot by Dominik Simon.
2:02 of 1st period - Deflect By Casey Cizikas.
2:02 of 1st period - Goal by Casey Cizikas - Canucks : 0 - Flyers : 1.
2:03 of 1st period - Nico Hischier wins face-off versus William Karlsson in neutral zone.
2:08 of 1st period - Shot by Nico Hischier.
2:08 of 1st period - Shot Blocked by Troy Stecher.
2:13 of 1st period - Icing by Mattias Ekholm.
2:14 of 1st period - William Karlsson wins face-off versus Dylan Strome in Canucks zone.
2:14 of 1st period - William Karlsson is hit by Anthony Beauvillier.
3:32 of 1st period - Shot by Brooks Laich.
3:32 of 1st period - Deflect By Danton Heinen.
3:32 of 1st period - Shot Misses the Net.
4:27 of 1st period - Icing by Jonathan Ericsson.
4:28 of 1st period - Bobby Ryan wins face-off versus Nico Hischier in Flyers zone.
4:31 of 1st period - Shot by Brayden Point.
4:31 of 1st period - Stopped by Steve Mason with a rebound.
4:39 of 1st period - Shot by Brayden Point.
4:39 of 1st period - Shot Blocked by Andrew MacDonald.
4:41 of 1st period - Shot by Troy Stecher.
4:41 of 1st period - Stopped by Steve Mason without a rebound.
4:42 of 1st period - Casey Cizikas wins face-off versus William Karlsson in Flyers zone.
4:42 of 1st period - Dominik Simon is hit by Chris Kreider and loses puck.
4:48 of 1st period - Markus Nutivaara is hit by Robert Hagg and loses puck.
5:09 of 1st period - Shot by William Karlsson.
5:09 of 1st period - Stopped by Steve Mason without a rebound.
5:10 of 1st period - Evgeny Kuznetsov wins face-off versus Nico Hischier in Flyers zone.
5:47 of 1st period - Shot by Calle Jarnkrok.
5:47 of 1st period - Stopped by Braden Holtby without a rebound.
5:48 of 1st period - Ryan Strome wins face-off versus Mathew Barzal in Canucks zone.
6:03 of 1st period - Shot by Alexander Killorn.
6:03 of 1st period - Goal by Alexander Killorn - Canucks : 0 - Flyers : 2.
6:04 of 1st period - William Karlsson wins face-off versus Dylan Strome in neutral zone.
6:09 of 1st period - Shot by Anders Lee.
6:09 of 1st period - Goal by Anders Lee - Canucks : 1 - Flyers : 2.
6:10 of 1st period - William Karlsson wins face-off versus Mathew Barzal in neutral zone.
6:21 of 1st period - Shot by William Karlsson.
6:21 of 1st period - Stopped by Steve Mason without a rebound.
6:22 of 1st period - Nico Hischier wins face-off versus Ryan Strome in Flyers zone.
6:24 of 1st period - Icing by Brandon Saad.
6:25 of 1st period - Ryan Strome wins face-off versus Nico Hischier in Flyers zone.
6:26 of 1st period - Shot by Troy Stecher.
6:26 of 1st period - Shot Misses the Net.
6:28 of 1st period - Shot by Blake Coleman.
6:28 of 1st period - Stopped by Steve Mason with a rebound.
7:29 of 1st period - Off-side.
7:30 of 1st period - William Karlsson wins face-off versus Dylan Strome in neutral zone.
7:33 of 1st period - Anthony Beauvillier is hit by Anders Lee and loses puck.
8:02 of 1st period - Shot by William Karlsson.
8:02 of 1st period - Shot Misses the Net.
8:08 of 1st period - Shot by William Karlsson.
8:08 of 1st period - Goal by William Karlsson - Canucks : 2 - Flyers : 2.
8:09 of 1st period - Mathew Barzal wins face-off versus Evgeny Kuznetsov in neutral zone.
8:26 of 1st period - Shot by Brayden Point.
8:26 of 1st period - Shot Misses the Net.
8:40 of 1st period - Shot by Alexander Killorn.
8:40 of 1st period - Stopped by Braden Holtby without a rebound.
8:41 of 1st period - Casey Cizikas wins face-off versus Johan Larsson in Canucks zone.
9:10 of 1st period - Shot by Johan Larsson.
9:10 of 1st period - Shot Blocked by Damon Severson.
9:12 of 1st period - Shot by Brooks Laich.
9:12 of 1st period - Stopped by Steve Mason without a rebound.
9:13 of 1st period - Dylan Strome wins face-off versus William Karlsson in Flyers zone.
9:31 of 1st period - Chris Kreider is hit by Jonathan Ericsson and loses puck.
9:36 of 1st period - Shot by Anders Lee.
9:36 of 1st period - Shot Misses the Net.
10:24 of 1st period - Shot by Mathew Barzal.
10:24 of 1st period - Shot Blocked by Alex Petrovic.
10:34 of 1st period - Thomas Vanek is hit by Evgeny Kuznetsov and loses puck.
11:10 of 1st period - Ryan Strome is hit by Damon Severson and loses puck.
11:26 of 1st period - Shot by Charlie Coyle.
11:26 of 1st period - Shot Misses the Net.
11:39 of 1st period - Icing by Erik Karlsson.
11:40 of 1st period - Johan Larsson wins face-off versus Casey Cizikas in Canucks zone.
11:51 of 1st period - Shot by Erik Karlsson.
11:51 of 1st period - Stopped by Steve Mason with a rebound.
12:49 of 1st period - Shot by Brayden Point.
12:49 of 1st period - Shot Misses the Net.
12:51 of 1st period - Shot by Robert Hagg.
12:51 of 1st period - Stopped by Steve Mason without a rebound.
12:52 of 1st period - Chris Kreider wins face-off versus Nico Hischier in Flyers zone.
12:52 of 1st period - Anders Lee is hit by Damon Severson and loses puck.
13:06 of 1st period - William Karlsson is hit by Nikita Zaitsev and loses puck.
13:14 of 1st period - Anders Lee is hit by Nikita Zaitsev and loses puck.
13:27 of 1st period - Shot by William Karlsson.
13:27 of 1st period - Deflect By Anders Lee.
13:27 of 1st period - Stopped by Steve Mason without a rebound.
13:28 of 1st period - Mathew Barzal wins face-off versus Evgeny Kuznetsov in Flyers zone.
14:28 of 1st period - Anthony Beauvillier is hit by Bobby Ryan.
14:54 of 1st period - Ryan Strome is hit by Andrew MacDonald and loses puck.
15:00 of 1st period - Ryan Strome is hit by Jonathan Ericsson and loses puck.
15:12 of 1st period - Ryan Strome is hit by Jonathan Ericsson.
15:14 of 1st period - Shot by Blake Coleman.
15:14 of 1st period - Shot Misses the Net.
15:51 of 1st period - Icing by Robert Hagg.
15:52 of 1st period - Casey Cizikas wins face-off versus William Karlsson in Canucks zone.
15:53 of 1st period - Shot by Mattias Janmark.
15:53 of 1st period - Stopped by Braden Holtby without a rebound.
15:54 of 1st period - Johan Larsson wins face-off versus Mathew Barzal in Canucks zone.
16:31 of 1st period - Shot by Danton Heinen.
16:31 of 1st period - Stopped by Steve Mason with a rebound.
16:33 of 1st period - Shot by Alex Pietrangelo.
16:33 of 1st period - Shot Misses the Net.
17:47 of 1st period - Mattias Janmark is hit by Troy Stecher and loses puck.
18:28 of 1st period - Icing by Mattias Ekholm.
18:29 of 1st period - Ryan Strome wins face-off versus Mathew Barzal in Canucks zone.
18:29 of 1st period - Ryan Strome is hit by Alexander Killorn.
18:48 of 1st period - Minor Penalty to Nikita Zaitsev for Hooking.
18:49 of 1st period - Evgeny Kuznetsov wins face-off versus Casey Cizikas in Flyers zone.
19:12 of 1st period - Shot by Alex Pietrangelo.
19:12 of 1st period - Shot Misses the Net.
19:14 of 1st period - Shot by Alex Pietrangelo.
19:14 of 1st period - Shot Blocked by Casey Cizikas.
19:16 of 1st period - Shot by Alex Pietrangelo.
19:16 of 1st period - Stopped by Steve Mason without a rebound.
19:17 of 1st period - Brayden Point wins face-off versus Casey Cizikas in Flyers zone.
19:23 of 1st period - Shot by Alex Pietrangelo.
19:23 of 1st period - Stopped by Steve Mason without a rebound.
19:24 of 1st period - Evgeny Kuznetsov wins face-off versus Casey Cizikas in Flyers zone.
19:44 of 1st period - Shot by Erik Karlsson.
19:44 of 1st period - Shot Misses the Net.
19:46 of 1st period - Shot by Erik Karlsson.
19:46 of 1st period - Stopped by Steve Mason without a rebound.
19:47 of 1st period - Anders Lee wins face-off versus Casey Cizikas in Flyers zone.
19:58 of 1st period - Shot by Alex Pietrangelo.
19:58 of 1st period - Shot Blocked by Andrew MacDonald.
Goals for this period are 2 for Canucks vs 2 for Flyers.
Shots for this period are 16 for Canucks vs 6 for Flyers.

2nd period


0:01 of 2nd period - Evgeny Kuznetsov wins face-off versus Casey Cizikas in neutral zone.
0:06 of 2nd period - Shot by Brayden Point.
0:06 of 2nd period - Stopped by Steve Mason without a rebound.
0:07 of 2nd period - Evgeny Kuznetsov wins face-off versus Casey Cizikas in Flyers zone.
0:18 of 2nd period - Shot by Evgeny Kuznetsov.
0:18 of 2nd period - Stopped by Steve Mason without a rebound.
0:19 of 2nd period - Ryan Strome wins face-off versus Casey Cizikas in Flyers zone.
0:51 of 2nd period - Shot by Johan Larsson.
0:51 of 2nd period - Shot Blocked by Nikita Zaitsev.
1:03 of 2nd period - Shot by Danton Heinen.
1:03 of 2nd period - Shot Misses the Net.
1:21 of 2nd period - Shot by Brooks Laich.
1:21 of 2nd period - Stopped by Steve Mason without a rebound.
1:22 of 2nd period - Nico Hischier wins face-off versus William Karlsson in Flyers zone.
1:24 of 2nd period - Icing by Andrew MacDonald.
1:25 of 2nd period - Evgeny Kuznetsov wins face-off versus Nico Hischier in Flyers zone.
2:05 of 2nd period - Shot by Evgeny Kuznetsov.
2:05 of 2nd period - Shot Blocked by Jonathan Ericsson.
2:19 of 2nd period - Shot by William Karlsson.
2:19 of 2nd period - Stopped by Steve Mason without a rebound.
2:20 of 2nd period - Mathew Barzal wins face-off versus William Karlsson in Flyers zone.
2:20 of 2nd period - Thomas Vanek is hit by Chris Kreider and loses puck.
2:29 of 2nd period - Shot by Chris Kreider.
2:29 of 2nd period - Stopped by Steve Mason with a rebound.
2:31 of 2nd period - Shot by Chris Kreider.
2:31 of 2nd period - Shot Blocked by Nikita Zaitsev.
2:53 of 2nd period - Shot by Anders Lee.
2:53 of 2nd period - Goal by Anders Lee - Canucks : 3 - Flyers : 2.
2:54 of 2nd period - Ryan Strome wins face-off versus Dylan Strome in neutral zone.
2:57 of 2nd period - Shot by Mattias Ekholm.
2:57 of 2nd period - Shot Blocked by Markus Nutivaara.
3:05 of 2nd period - Shot by Blake Coleman.
3:05 of 2nd period - Shot Blocked by Anthony Beauvillier.
4:35 of 2nd period - Shot by Damon Severson.
4:35 of 2nd period - Shot Blocked by Troy Stecher.
4:46 of 2nd period - Mattias Ekholm is hit by Damon Severson.
5:46 of 2nd period - Icing by Erik Karlsson.
5:47 of 2nd period - William Karlsson wins face-off versus Dylan Strome in Canucks zone.
5:49 of 2nd period - Icing by Alex Pietrangelo.
5:50 of 2nd period - William Karlsson wins face-off versus Andre Burakovsky in Canucks zone.
5:54 of 2nd period - Icing by Alex Pietrangelo.
5:55 of 2nd period - William Karlsson wins face-off versus Nico Hischier in Canucks zone.
5:55 of 2nd period - William Karlsson is hit by Nico Hischier.
6:19 of 2nd period - Shot by Nico Hischier.
6:19 of 2nd period - Stopped by Braden Holtby without a rebound.
6:20 of 2nd period - Johan Larsson wins face-off versus Dylan Strome in Canucks zone.
6:30 of 2nd period - Shot by Anthony Beauvillier.
6:30 of 2nd period - Shot Misses the Net.
6:46 of 2nd period - Shot by Danton Heinen.
6:46 of 2nd period - Shot Blocked by Anthony Beauvillier.
6:58 of 2nd period - Shot by Andre Burakovsky.
6:58 of 2nd period - Stopped by Braden Holtby without a rebound.
6:59 of 2nd period - Evgeny Kuznetsov wins face-off versus Thomas Vanek in Canucks zone.
7:03 of 2nd period - Erik Karlsson is hit by Nikita Zaitsev and loses puck.
7:12 of 2nd period - Bobby Ryan is hit by Alexander Killorn and loses puck.
7:18 of 2nd period - Icing by Erik Karlsson.
7:19 of 2nd period - Calle Jarnkrok wins face-off versus Evgeny Kuznetsov in Canucks zone.
7:51 of 2nd period - Bobby Ryan is hit by Jonathan Ericsson.
8:05 of 2nd period - William Karlsson is hit by Brandon Saad and loses puck.
8:30 of 2nd period - Shot by Mathew Barzal.
8:30 of 2nd period - Stopped by Braden Holtby without a rebound.
8:31 of 2nd period - Ryan Strome wins face-off versus Dylan Strome in Canucks zone.
8:36 of 2nd period - Shot by Blake Coleman.
8:36 of 2nd period - Deflect By Ryan Strome.
8:36 of 2nd period - Stopped by Steve Mason without a rebound.
8:37 of 2nd period - Ryan Strome wins face-off versus Mathew Barzal in Flyers zone.
8:37 of 2nd period - Blake Coleman is hit by Damon Severson and loses puck.
9:05 of 2nd period - Ryan Strome is hit by Damon Severson and loses puck.
9:14 of 2nd period - Damon Severson is hit by Blake Coleman and loses puck.
9:32 of 2nd period - Icing by Blake Coleman.
9:33 of 2nd period - Ryan Strome wins face-off versus Nico Hischier in Canucks zone.
10:02 of 2nd period - Icing by Alex Pietrangelo.
10:03 of 2nd period - Dylan Strome wins face-off versus Evgeny Kuznetsov in Canucks zone.
10:31 of 2nd period - Ben Hutton is hit by Bobby Ryan and loses puck.
11:11 of 2nd period - Mattias Ekholm is hit by Alexander Killorn and loses puck.
11:26 of 2nd period - Shot by Chris Kreider.
11:26 of 2nd period - Deflect By Anders Lee.
11:26 of 2nd period - Shot Blocked by Nikita Zaitsev.
12:46 of 2nd period - Alex Pietrangelo is hit by Calle Jarnkrok and loses puck.
13:23 of 2nd period - Bobby Ryan is hit by Jonathan Ericsson and loses puck.
14:25 of 2nd period - Chris Kreider is hit by Nikita Zaitsev and loses puck.
14:46 of 2nd period - Shot by Johan Larsson.
14:46 of 2nd period - Stopped by Steve Mason without a rebound.
14:47 of 2nd period - Mathew Barzal wins face-off versus Ryan Strome in Flyers zone.
16:46 of 2nd period - Shot by Anthony Beauvillier.
16:46 of 2nd period - Stopped by Braden Holtby without a rebound.
16:47 of 2nd period - Mathew Barzal wins face-off versus William Karlsson in Canucks zone.
16:53 of 2nd period - Icing by Alex Petrovic.
16:54 of 2nd period - Mathew Barzal wins face-off versus Chris Kreider in Canucks zone.
17:16 of 2nd period - Alexander Killorn is hit by William Karlsson and loses puck.
17:47 of 2nd period - Anthony Beauvillier is hit by Chris Kreider.
17:58 of 2nd period - Minor Penalty to Brayden Point for Roughing.
17:59 of 2nd period - Johan Larsson wins face-off versus Nico Hischier in Canucks zone.
18:05 of 2nd period - Icing by Damon Severson.
18:06 of 2nd period - Johan Larsson wins face-off versus Nico Hischier in Flyers zone.
18:15 of 2nd period - Shot by Brandon Saad.
18:15 of 2nd period - Stopped by Braden Holtby with a rebound.
18:28 of 2nd period - Anders Lee is hit by Damon Severson and loses puck.
18:59 of 2nd period - Shot by Anthony Beauvillier.
18:59 of 2nd period - Deflect By Alexander Killorn.
18:59 of 2nd period - Shot Misses the Net.
19:42 of 2nd period - Shot by Nico Hischier.
19:42 of 2nd period - Shot Misses the Net.
19:44 of 2nd period - Shot by Jonathan Ericsson.
19:44 of 2nd period - Stopped by Braden Holtby without a rebound.
19:45 of 2nd period - Mathew Barzal wins face-off versus Charlie Coyle in Canucks zone.
19:46 of 2nd period - Shot by Anthony Beauvillier.
19:46 of 2nd period - Shot Misses the Net.
Goals for this period are 1 for Canucks vs 0 for Flyers.
Shots for this period are 8 for Canucks vs 6 for Flyers.

3rd period


0:01 of 3rd period - Brayden Point wins face-off versus Mathew Barzal in neutral zone.
0:08 of 3rd period - Icing by Mathew Barzal.
0:09 of 3rd period - William Karlsson wins face-off versus Mathew Barzal in Flyers zone.
0:28 of 3rd period - Shot by Anders Lee.
0:28 of 3rd period - Stopped by Steve Mason with a rebound.
0:45 of 3rd period - Alexander Killorn is hit by Alex Pietrangelo and loses puck.
0:49 of 3rd period - Minor Penalty to Alexander Killorn for Hooking.
0:50 of 3rd period - Casey Cizikas wins face-off versus Evgeny Kuznetsov in Flyers zone.
2:46 of 3rd period - Icing by Erik Karlsson.
2:47 of 3rd period - Ryan Strome wins face-off versus Brandon Saad in Canucks zone.
3:01 of 3rd period - Danton Heinen is hit by Nikita Zaitsev.
3:04 of 3rd period - Icing by Alexander Killorn.
3:05 of 3rd period - William Karlsson wins face-off versus Mathew Barzal in Flyers zone.
3:25 of 3rd period - Mattias Ekholm is hit by Damon Severson and loses puck.
3:31 of 3rd period - Mathew Barzal is hit by Chris Kreider and loses puck.
4:07 of 3rd period - Shot by Brandon Saad.
4:07 of 3rd period - Stopped by Braden Holtby without a rebound.
4:08 of 3rd period - Dylan Strome wins face-off versus Evgeny Kuznetsov in Canucks zone.
4:08 of 3rd period - Dylan Strome is hit by Alex Pietrangelo.
4:35 of 3rd period - Shot by Evgeny Kuznetsov.
4:35 of 3rd period - Deflect By Bobby Ryan.
4:35 of 3rd period - Stopped by Steve Mason with a rebound.
4:37 of 3rd period - Shot by Brayden Point.
4:37 of 3rd period - Shot Misses the Net.
4:45 of 3rd period - Shot by Brayden Point.
4:45 of 3rd period - Shot Misses the Net.
4:58 of 3rd period - Minor Penalty to Evgeny Kuznetsov for Tripping.
4:59 of 3rd period - Johan Larsson wins face-off versus Nico Hischier in Canucks zone.
6:05 of 3rd period - Shot by Mathew Barzal.
6:05 of 3rd period - Stopped by Braden Holtby with a rebound.
6:07 of 3rd period - Shot by Dylan Strome.
6:07 of 3rd period - Stopped by Braden Holtby without a rebound.
6:08 of 3rd period - Johan Larsson wins face-off versus Mathew Barzal in Canucks zone.
6:27 of 3rd period - Shot by Mathew Barzal.
6:27 of 3rd period - Goal by Mathew Barzal - Canucks : 3 - Flyers : 3.
6:28 of 3rd period - Casey Cizikas wins face-off versus Evgeny Kuznetsov in neutral zone.
6:37 of 3rd period - Shot by Mattias Janmark.
6:37 of 3rd period - Shot Misses the Net.
6:56 of 3rd period - Shot by Brayden Point.
6:56 of 3rd period - Shot Misses the Net.
7:53 of 3rd period - Icing by Dominik Simon.
7:54 of 3rd period - Casey Cizikas wins face-off versus Ryan Strome in Flyers zone.
8:13 of 3rd period - Off-side.
8:14 of 3rd period - Johan Larsson wins face-off versus Thomas Vanek in neutral zone.
8:20 of 3rd period - Icing by Markus Nutivaara.
8:21 of 3rd period - Evgeny Kuznetsov wins face-off versus Mathew Barzal in Flyers zone.
8:29 of 3rd period - Icing by Ben Hutton.
8:30 of 3rd period - William Karlsson wins face-off versus Mathew Barzal in Flyers zone.
8:47 of 3rd period - Shot by Chris Kreider.
8:47 of 3rd period - Stopped by Steve Mason without a rebound.
8:48 of 3rd period - Evgeny Kuznetsov wins face-off versus Nico Hischier in Flyers zone.
8:51 of 3rd period - Shot by Brayden Point.
8:51 of 3rd period - Shot Misses the Net.
8:59 of 3rd period - Minor Penalty to Bobby Ryan for High sticking.
9:00 of 3rd period - Mathew Barzal wins face-off versus Johan Larsson in Canucks zone.
9:01 of 3rd period - Shot by Thomas Vanek.
9:01 of 3rd period - Shot Blocked by Blake Coleman.
9:03 of 3rd period - Shot by Mathew Barzal.
9:03 of 3rd period - Goal by Mathew Barzal - Canucks : 3 - Flyers : 4.
9:04 of 3rd period - Evgeny Kuznetsov wins face-off versus Calle Jarnkrok in neutral zone.
9:20 of 3rd period - Evgeny Kuznetsov is hit by Nikita Zaitsev and loses puck.
9:38 of 3rd period - Evgeny Kuznetsov is hit by Damon Severson and loses puck.
10:23 of 3rd period - Icing by Alexander Killorn.
10:24 of 3rd period - Mathew Barzal wins face-off versus Ryan Strome in Flyers zone.
10:24 of 3rd period - Mathew Barzal is hit by Blake Coleman.
11:12 of 3rd period - Alexander Killorn is hit by Charlie Coyle and loses puck.
11:16 of 3rd period - Icing by Andrew MacDonald.
11:17 of 3rd period - William Karlsson wins face-off versus Mathew Barzal in Flyers zone.
11:18 of 3rd period - Shot by Anders Lee.
11:18 of 3rd period - Stopped by Steve Mason without a rebound.
11:19 of 3rd period - Anthony Beauvillier wins face-off versus William Karlsson in Flyers zone.
11:19 of 3rd period - Anthony Beauvillier is hit by Chris Kreider.
11:30 of 3rd period - Icing by Erik Karlsson.
11:31 of 3rd period - Casey Cizikas wins face-off versus William Karlsson in Canucks zone.
11:41 of 3rd period - Chris Kreider is hit by Damon Severson and loses puck.
11:50 of 3rd period - Shot by William Karlsson.
11:50 of 3rd period - Stopped by Steve Mason with a rebound.
12:05 of 3rd period - Icing by Damon Severson.
12:06 of 3rd period - Casey Cizikas wins face-off versus Evgeny Kuznetsov in Flyers zone.
12:15 of 3rd period - Shot by Dominik Simon.
12:15 of 3rd period - Shot Misses the Net.
12:17 of 3rd period - Shot by Nikita Zaitsev.
12:17 of 3rd period - Shot Misses the Net.
12:48 of 3rd period - Icing by Andrew MacDonald.
12:49 of 3rd period - Nico Hischier wins face-off versus Blake Coleman in Flyers zone.
12:49 of 3rd period - Nico Hischier is hit by Blake Coleman.
13:14 of 3rd period - Off-side.
13:15 of 3rd period - William Karlsson wins face-off versus Mathew Barzal in neutral zone.
13:15 of 3rd period - William Karlsson is hit by Thomas Vanek.
13:16 of 3rd period - Minor Penalty to Alexander Killorn for High sticking.
13:17 of 3rd period - Casey Cizikas wins face-off versus Evgeny Kuznetsov in Flyers zone.
14:19 of 3rd period - Icing by Chris Kreider.
14:20 of 3rd period - Ryan Strome wins face-off versus Calle Jarnkrok in Canucks zone.
14:33 of 3rd period - Shot by Bobby Ryan.
14:33 of 3rd period - Shot Misses the Net.
14:35 of 3rd period - Shot by Mattias Ekholm.
14:35 of 3rd period - Stopped by Steve Mason without a rebound.
14:36 of 3rd period - Casey Cizikas wins face-off versus Evgeny Kuznetsov in Flyers zone.
15:07 of 3rd period - Shot by Alex Pietrangelo.
15:07 of 3rd period - Stopped by Steve Mason without a rebound.
15:08 of 3rd period - Calle Jarnkrok wins face-off versus Ryan Strome in Flyers zone.
15:08 of 3rd period - Calle Jarnkrok is hit by Bobby Ryan.
15:22 of 3rd period - Shot by Danton Heinen.
15:22 of 3rd period - Shot Misses the Net.
15:30 of 3rd period - Shot by Danton Heinen.
15:30 of 3rd period - Shot Misses the Net.
15:46 of 3rd period - Shot by Alexander Killorn.
15:46 of 3rd period - Stopped by Braden Holtby without a rebound.
15:47 of 3rd period - Nico Hischier wins face-off versus Ryan Strome in Canucks zone.
15:54 of 3rd period - Shot by Nikita Zaitsev.
15:54 of 3rd period - Stopped by Braden Holtby with a rebound.
15:56 of 3rd period - Shot by Nikita Zaitsev.
15:56 of 3rd period - Stopped by Braden Holtby without a rebound.
15:57 of 3rd period - William Karlsson wins face-off versus Nico Hischier in Canucks zone.
15:57 of 3rd period - William Karlsson is hit by Nico Hischier.
16:06 of 3rd period - Minor Penalty to Chris Kreider for Goalie Interference.
16:07 of 3rd period - Mathew Barzal wins face-off versus Johan Larsson in Canucks zone.
16:08 of 3rd period - Shot by Alexander Killorn.
16:08 of 3rd period - Shot Misses the Net.
16:10 of 3rd period - Shot by Damon Severson.
16:10 of 3rd period - Shot Misses the Net.
16:12 of 3rd period - Shot by Alexander Killorn.
16:12 of 3rd period - Stopped by Braden Holtby with a rebound.
16:30 of 3rd period - Shot by Damon Severson.
16:30 of 3rd period - Shot Misses the Net.
16:32 of 3rd period - Shot by Anthony Beauvillier.
16:32 of 3rd period - Shot Misses the Net.
16:42 of 3rd period - Shot by Mathew Barzal.
16:42 of 3rd period - Shot Misses the Net.
16:44 of 3rd period - Shot by Damon Severson.
16:44 of 3rd period - Shot Misses the Net.
16:46 of 3rd period - Shot by Damon Severson.
16:46 of 3rd period - Shot Misses the Net.
17:25 of 3rd period - Shot by Brandon Saad.
17:25 of 3rd period - Deflect By Nico Hischier.
17:25 of 3rd period - Shot Misses the Net.
17:48 of 3rd period - Icing by Thomas Vanek.
17:49 of 3rd period - Mathew Barzal wins face-off versus Charlie Coyle in Flyers zone.
17:49 of 3rd period - Mathew Barzal is hit by Brooks Laich.
18:17 of 3rd period - Shot by Mattias Janmark.
18:17 of 3rd period - Stopped by Braden Holtby without a rebound.
18:18 of 3rd period - Casey Cizikas wins face-off versus William Karlsson in Canucks zone.
19:23 of 3rd period - Shot by Calle Jarnkrok.
19:23 of 3rd period - Shot Misses the Net.
19:27 of 3rd period - Shot by Calle Jarnkrok.
19:27 of 3rd period - Shot Blocked by Mattias Ekholm.
19:29 of 3rd period - Shot by Ben Hutton.
19:29 of 3rd period - Shot Misses the Net.
19:53 of 3rd period - Canucks, Braden Holtby is pulled from the net.
19:54 of 3rd period - Blake Coleman is hit by Nikita Zaitsev.
Goals for this period are 0 for Canucks vs 2 for Flyers.
Shots for this period are 7 for Canucks vs 10 for Flyers.